 Dungeon Crawl Stone Soup version 0.22.1-1-ga44c0e56f4 (webtiles) character file.

81018 Spyer the Spry (level 15, -3/136 HPs)
             Began as a Minotaur Berserker on Oct 30, 2018.
             Was an Elder of Trog.
             Slain by a merfolk
             ... wielding a +2 glaive of freezing
              (11 damage)
             ... on level 4 of the Shoals on Oct 31, 2018.
             The game lasted 01:50:25 (24807 turns).

Spyer the Spry (Minotaur Berserker)                Turns: 24807, Time: 01:50:26

Health: -3/136     AC: 17    Str: 22    XL:     15   Next: 25%
Magic:  12/12      EV: 17    Int:  2    God:    Trog [****..]
Gold:   1203       SH:  0    Dex: 20    Spells: 14/14 levels left

rFire    + . .     SeeInvis .   G - +2 flail (protect)
rCold    . . .     Gourm    .   H - +0 shield
rNeg     . . .     Faith    .   g - +2 plate armour {rPois}
rPois    +         Spirit   .   (helmet unavailable)
rElec    .         Reflect  +   (no cloak)
rCorr    .         Harm     .   (no gloves)
MR       +....                  (no boots)
Stlth    ..........             o - +5 amulet of reflection
HPRegen  0.32/turn              S - +4 ring of dexterity
MPRegen  0.13/turn              v - ring of poison resistance

@: confused, afraid, berserk cooldown, slowed, glowing, very slow
A: retaliatory headbutt, horns 3, dopey 1, fire resistance 1, low mp 1
a: Berserk, Trog's Hand, Brothers in Arms, Renounce Religion


You were on level 4 of the Shoals.
You worshipped Trog.
Trog was greatly pleased with you.
You were not hungry.

You visited 3 branches of the dungeon, and saw 22 of its levels.

You collected 1203 gold pieces.

Inventory:

Hand Weapons
 G - a +2 flail of protection (weapon)
 P - a +0 mace of holy wrath
Armour
 g - a +2 plate armour of poison resistance (worn)
 H - a +0 shield (worn)
Jewellery
 a - an uncursed ring of protection from cold
 o - a +5 amulet of reflection (around neck)
 v - a ring of poison resistance (right hand)
 A - an uncursed amulet of regeneration
 S - a +4 ring of dexterity (left hand)
 W - an uncursed ring of protection from fire
Wands
 k - a wand of iceblast (5)
 B - a wand of acid (21)
 E - a wand of paralysis (16)
 M - a wand of flame (5)
 N - a wand of digging (7)
Scrolls
 d - 2 scrolls of enchant weapon
 j - 19 scrolls of remove curse
 m - 8 scrolls of teleportation
 r - a scroll of blinking
 u - 7 scrolls of fog
 C - 6 scrolls of identify
 D - 5 scrolls of magic mapping
 J - a scroll of fear
Potions
 e - 8 potions of curing
 f - a potion of mutation
 h - 2 potions of haste
 i - 4 potions of flight
 n - 2 potions of berserk rage
 t - 6 potions of magic
 w - a potion of ambrosia
 x - 3 potions of might
 z - 3 potions of heal wounds
 F - 3 potions of agility
 T - 3 potions of cancellation
 V - a potion of invisibility
 Y - a potion of lignification
Miscellaneous
 l - a fan of gales
Comestibles
 b - 2 chunks of flesh
 c - 22 rations


   Skills:
 - Level 13.3 Fighting
 - Level 14.0(14.1) Maces & Flails
   Level 0.4(9.3) Staves
 - Level 0.3 Throwing
 - Level 12.2 Armour
 * Level 17.6 Dodging
 - Level 12.3 Shields
 - Level 0.4 Unarmed Combat
 - Level 0.1 Spellcasting
 - Level 0.2 Evocations


You had 14 spell levels left.
You didn't know any spells.
Your spell library was empty.

Dungeon Overview and Level Annotations

Branches:
Dungeon (12/15)            Temple (0/1) D:7            Lair (6/6) D:9
 Shoals (4/4) Lair:2        Snake (0/4) Lair:3        Slime (0/5) Lair:6
    Orc: D:9-12

Altars:
Dithmenos
Elyvilon
Fedhas
Kikubaaqudgha
Nemelex Xobeh
Okawaru
Qazlal
Sif Muna
Uskayaw
Wu Jian
Xom
Zin

Shops:
D:7 (   D:9 :[[!=   Shoals:3 [

Annotations:
Lair:5 exclusion: 2 oklob plants


Innate Abilities, Weirdness & Mutations

You reflexively headbutt those who attack you in melee.
You have a pair of large horns on your head.
You are dopey. (Int -2)
Your flesh is heat resistant. (rF+)
Your magical capacity is low. (-10% MP)


Message History

The merfolk misses you.
The satyr plays a frightful melody on his pipes!
The satyr radiates an aura of fear!
You are terrified of the satyr!
The merfolk closely misses you.
You closely miss the faun.
The faun is almost dead.
The merfolk hits you with a trident.
The merfolk hits you from afar with a trident of protection!
The merfolk javelineer hits you but does no damage.
The faun hits you but does no damage. The merfolk misses you.
The satyr shoots an arrow.
The arrow hits you!!
* * * LOW HITPOINT WARNING * * *
The arrow burns you.
* * * LOW HITPOINT WARNING * * *
The sea snake bites you but does no damage.
The merfolk closely misses you. The faun hits you with a quarterstaff.
* * * LOW HITPOINT WARNING * * *
The merfolk hits you from afar with a glaive of freezing!
You die...

........≈.# #..
≈≈.......≈.# #[.
≈≈≈........### ###..
≈≈≈.........≈#######....
≈≈.......P..≈≈.##.......
......mP................
.....mm.(.(.....P.......
.....cmcc.......P..P.P..
≈≈..mmm@c......P.PP.....
≈≈...mmS....PPPPPP..P...
≈≈≈(....!P...PPP≈P≈.....
≈≈≈≈≈≈...≈≈≈≈≈≈≈≈P≈≈≈...
≈≈≈≈≈≈P≈≈≈≈≈≈≈≈≈≈≈≈≈≈P..
≈≈≈≈≈≈≈≈≈≈≈≈≈≈≈≈≈≈≈≈≈≈≈≈
≈≈≈≈≈≈≈≈≈≈≈≈≈≈≈≈ ≈≈≈≈≈≈
≈≈≈≈≈≈≈≈≈≈≈≈≈≈≈ ≈≈≈≈≈≈
≈≈≈≈


You could see a merfolk javelineer, a satyr, a sea snake, 8 merfolk and 3 fauns.

Vanquished Creatures
  Frances (Shoals:1)
  A merfolk javelineer (Shoals:2)
  Josephine (D:10)
  6 merfolk impalers
  12 hydras
  A catoblepas (Lair:3)
  A merfolk avatar (Lair:6)
  Erica (D:10)
  A two-headed ogre (D:10)
  A satyr (Shoals:3)
  5 death yaks (Lair:6)
  9 sea snakes
  5 harpies (Shoals:2)
  10 manticores
  A centaur zombie (D:11)
  10 elephants
  An ugly thing (D:11)
  8 merfolk sirens
  Joseph (D:7)
  3 black mambas
  Maurice (D:10)
  2 water nymphs (Shoals:3)
  8 spiny frogs
  6 rime drakes
  6 komodo dragons
  11 merfolk
  4 wind drakes
  4 polar bears (Lair:6)
  13 blink frogs
  A hornet (Lair:6)
  A slime creature (Lair:6)
  5 snapping turtles
  11 hippogriffs
  10 dream sheep
  2 water elementals
  A spriggan (D:7)
  4 wraiths (D:10)
  3 wyverns
  38 yaks
  2 hungry ghosts
  2 basilisks (Lair:3)
  2 steam dragons (D:10)
  A hog (Shoals:3)
  Menkaure (D:6)
  An acid dragon (D:11)
  3 nagas (Lair:3)
  A soldier ant (D:11)
  19 water moccasins
  2 orc warriors
  7 porcupines
  An eye of draining (D:11)
  2 ice beasts
  A black bear (Lair:3)
  2 phantoms
  An ogre (D:10)
  20 wolves
  5 centaurs (D:11)
  18 crocodiles
  3 big kobolds
  10 bullfrogs
  A wyvern zombie (D:11)
  A scorpion (D:4)
  A water moccasin skeleton (D:4)
  3 howler monkeys
  3 electric eels (Lair:6)
  4 crimson imps
  A bullfrog zombie (D:9)
  2 centaur skeletons
  6 jellies
  7 hounds
  An orc priest (D:6)
  6 orc wizards
  A bullfrog skeleton (D:6)
  2 iguanas
  6 worker ants
  2 hell rats (Lair:6)
  2 hound zombies
  A hound skeleton (D:10)
  A worker ant zombie (D:11)
  8 river rats (Lair:6)
  8 adders
  A shadow imp (D:7)
  4 oozes
  An adder skeleton (D:5)
  2 worms
  A dart slug (D:4)
  4 leopard geckos
  16 orcs
  6 bats
  2 giant cockroaches
  10 goblins
  7 hobgoblins
  7 jackals
  2 quokkas
  6 frilled lizards
  25 kobolds
  A leopard gecko skeleton (D:6)
  A quokka skeleton (D:5)
  2 quokka zombies
  10 rats
  A fungus (Lair:4)
  6 plants
496 creatures vanquished.

Vanquished Creatures (collateral kills)
  Kirke (Shoals:3)
  A merfolk avatar (Shoals:3)
  A death yak (Lair:6)
  2 fauns (Shoals:3)
  A manticore (Lair:6)
  3 elephants (Lair:6)
  2 merfolk sirens
  2 spiny frogs (Lair:6)
  A merfolk (Shoals:3)
  4 blink frogs (Lair:6)
  A wind drake (Lair:6)
  A snapping turtle (Shoals:3)
  2 hogs (Shoals:3)
  4 yaks
  A water moccasin (Lair:2)
  An electric eel (Lair:6)
28 creatures vanquished.

Vanquished Creatures (others)
  A naga (Lair:3)
  6 centaurs
  A bush (Lair:6)
  19 fungi
  72 plants
99 creatures vanquished.

Grand Total: 623 creatures vanquished

Notes
Turn   | Place    | Note
-------+----------+-------------------------------------------
     0 | D:1      | Spyer the Minotaur Berserker began the quest for the Orb.
     0 | D:1      | Reached XP level 1. HP: 19/19 MP: 0/0
    45 | D:1      | Reached XP level 2. HP: 24/26 MP: 1/1
   213 | D:1      | Reached skill level 5 in Maces & Flails
   421 | D:1      | Reached XP level 3. HP: 31/31 MP: 2/2
   422 | D:1      | Reached ** piety under Trog
   565 | D:2      | Found a blossoming altar of Fedhas.
  1486 | D:2      | Found a stormy altar of Qazlal.
  1539 | D:2      | Found a sparkling altar of Nemelex Xobeh.
  1542 | D:2      | Found a white marble altar of Elyvilon.
  1543 | D:2      | Found a shimmering altar of Xom.
  1544 | D:2      | Found an ancient bone altar of Kikubaaqudgha.
  1545 | D:2      | Found a deep blue altar of Sif Muna.
  2019 | D:3      | Found a faded altar of an unknown god.
  2123 | D:3      | Reached XP level 4. HP: 39/39 MP: 3/3
  2170 | D:3      | Found a blossoming altar of Fedhas.
  2623 | D:4      | Noticed a phantom
  2652 | D:4      | Killed a phantom
  2652 | D:4      | Reached XP level 5. HP: 45/45 MP: 4/4
  2697 | D:4      | Reached *** piety under Trog
  2776 | D:4      | Reached XP level 6. HP: 24/51 MP: 5/5
  3288 | D:5      | Entered Level 5 of the Dungeon
  3421 | D:5      | Noticed an ice beast
  3430 | D:5      | Killed an ice beast
  3430 | D:5      | Reached XP level 7. HP: 57/57 MP: 6/6
  3551 | D:5      | Reached skill level 10 in Maces & Flails
  4067 | D:6      | Found an ornate altar of the Wu Jian Council.
  4194 | D:6      | Noticed Menkaure
  4213 | D:6      | Killed Menkaure
  4213 | D:6      | Reached XP level 8. HP: 22/64 MP: 7/7
  4483 | D:6      | Found an iron altar of Okawaru.
  4752 | D:7      | Found a staircase to the Ecumenical Temple.
  4827 | D:7      | Reached skill level 1 in Shields
  5001 | D:7      | Noticed Joseph
  5025 | D:7      | Killed Joseph
  5086 | D:7      | Found Veak's Weapon Boutique.
  5120 | D:7      | Reached XP level 9. HP: 63/70 MP: 8/8
  5289 | D:7      | Found a glowing silver altar of Zin.
  6072 | D:9      | Found Xyeparocw's Antique Armour Shop.
  6082 | D:9      | Found a shadowy altar of Dithmenos.
  6198 | D:9      | Found Xifeimuekk's Antique Armour Shop.
  6208 | D:9      | Reached **** piety under Trog
  6264 | D:9      | Reached skill level 3 in Dodging
  6309 | D:9      | Reached skill level 4 in Dodging
  6318 | D:9      | Reached skill level 5 in Dodging
  6327 | D:9      | Reached skill level 6 in Dodging
  6350 | D:9      | Reached skill level 7 in Dodging
  6559 | D:9      | Noticed a komodo dragon
  6560 | D:9      | Found a staircase to the Lair.
  6585 | D:9      | Killed a komodo dragon
  6585 | D:9      | Reached skill level 8 in Dodging
  6927 | D:9      | Found Gijuig's Distillery.
  7023 | D:9      | Found Limpewa's Jewellery Shoppe.
  7097 | D:9      | Reached XP level 10. HP: 77/77 MP: 9/9
  7138 | D:9      | Found Bylu Puurgh's Book Emporium.
  7206 | D:10     | Entered Level 10 of the Dungeon
  7278 | D:10     | Noticed Josephine
  7288 | D:10     | Reached skill level 9 in Dodging
  7299 | D:10     | Killed Josephine
  7299 | D:10     | Reached skill level 10 in Dodging
  7438 | D:10     | Reached skill level 11 in Dodging
  7465 | D:10     | Noticed Erica
  7482 | D:10     | Killed Erica
  7571 | D:10     | Noticed a two-headed ogre
  7580 | D:10     | Killed a two-headed ogre
  7580 | D:10     | Reached skill level 12 in Dodging
  8022 | D:10     | Noticed Maurice
  8045 | D:10     | Killed Maurice
  8045 | D:10     | Reached XP level 11. HP: 82/82 MP: 10/10
  8191 | D:11     | Reached skill level 5 in Armour
  8316 | D:11     | Noticed a red ugly thing
  8330 | D:11     | Killed a red ugly thing
  8569 | D:11     | Noticed a stone giant
  8786 | Lair:1   | Entered Level 1 of the Lair of Beasts
  9349 | Lair:1   | You fall through a shaft!
  9365 | Lair:2   | Reached skill level 10 in Armour
  9737 | Lair:2   | Found a staircase to the Shoals.
  9932 | Lair:1   | Reached ***** piety under Trog
 10590 | Lair:2   | Noticed a six-headed hydra
 10606 | Lair:2   | Killed a six-headed hydra
 10766 | Lair:2   | Reached XP level 12. HP: 90/90 MP: 11/11
 11141 | Lair:3   | Noticed a catoblepas
 11158 | Lair:3   | Killed a catoblepas
 11158 | Lair:3   | Reached skill level 5 in Shields
 11170 | Lair:3   | Found a staircase to the Snake Pit.
 11919 | Lair:3   | Noticed a six-headed hydra
 11932 | Lair:3   | Killed a six-headed hydra
 11940 | Lair:3   | HP: 2/90 [komodo dragon (20)]
 12615 | Lair:3   | Gained mutation: Your magical capacity is low. (-10% MP)
                  | [potion of mutation]
 12615 | Lair:3   | Gained mutation: Your flesh is heat resistant. (rF+)
                  | [potion of mutation]
 12615 | Lair:3   | Gained mutation: You are dopey. (Int -2) [potion of
                  | mutation]
 12615 | Lair:3   | Gained mutation: You have a pair of large horns on your
                  | head. [potion of mutation]
 12735 | Lair:4   | Reached skill level 10 in Shields
 12822 | Lair:4   | Noticed a four-headed hydra
 12833 | Lair:4   | Killed a four-headed hydra
 14027 | Lair:5   | Noticed a six-headed hydra
 14028 | Lair:5   | Reached skill level 5 in Fighting
 14037 | Lair:5   | Killed a six-headed hydra
 14037 | Lair:5   | Reached XP level 13. HP: 98/102 MP: 10/10
 14244 | Lair:5   | Received a gift from Trog
 15405 | Lair:6   | Entered Level 6 of the Lair of Beasts
 15414 | Lair:6   | Reached skill level 10 in Fighting
 16027 | Lair:6   | Received a gift from Trog
 16316 | Lair:6   | Reached XP level 14. HP: 120/129 MP: 11/11
 17320 | Lair:6   | Reached skill level 13 in Dodging
 18818 | Lair:6   | Found a staircase to the Slime Pits.
 18879 | Lair:6   | Reached skill level 14 in Dodging
 20018 | Shoals:1 | Entered Level 1 of the Shoals
 20516 | Shoals:1 | Noticed Frances
 20527 | Shoals:1 | Killed Frances
 20634 | Shoals:1 | Found a stormy altar of Qazlal.
 20827 | Shoals:1 | Found a hide-covered altar of Uskayaw.
 20839 | Shoals:1 | Reached skill level 15 in Dodging
 21881 | Shoals:2 | Reached skill level 16 in Dodging
 22421 | Shoals:2 | Received a gift from Trog
 23170 | Shoals:3 | Reached XP level 15. HP: 112/136 MP: 12/12
 23411 | Shoals:3 | Reached skill level 17 in Dodging
 23424 | Shoals:3 | Noticed Kirke
 23459 | Shoals:3 | Killed Kirke
 23691 | Shoals:3 | Found Guipose's Armour Shop.
 24601 | Shoals:4 | Entered Level 4 of the Shoals
 24807 | Shoals:4 | Slain by a merfolk

Skill      XL: |  1  2  3  4  5  6  7  8  9 10 11 12 13 14 15 |
---------------+----------------------------------------------+-----
Maces & Flails | 4 5 6 7 8 9 11 13 14 | 14.0
Shields        | 3 12 | 12.3
Dodging        | 8 12 16 17 | 17.6
Armour         | 4 12 | 12.2
Fighting       | 5 13 | 13.3
Staves         | |  0.4
Throwing       | |  0.3
Unarmed Combat | |  0.4
Spellcasting   | |  0.1
Evocations     | |  0.2

Action                   |  1- 3 |  4- 6 |  7- 9 | 10-12 | 13-15 || total
-------------------------+-------+-------+-------+-------+-------++-------
Melee: Mace              |    79 |   111 |    12 |       |       ||   202
       Headbutt          |    12 |    30 |    55 |   199 |   327 ||   623
       Flail             |       |       |   240 |   798 |   980 ||  2018
       Unarmed           |       |       |       |       |     4 ||     4
Invok: Berserk           |       |     1 |     5 |    10 |     8 ||    24
       Trog's Hand       |       |       |     2 |     5 |     1 ||     8
       Brothers in Arms  |       |       |       |     2 |    11 ||    13
Evoke: Wand              |       |       |       |       |     6 ||     6
  Use: Scroll            |       |     4 |       |    10 |    15 ||    29
       Potion            |       |       |       |     8 |     6 ||    14
 Stab: Distracted        |       |       |       |     1 |     2 ||     3
  Eat: Chunk             |     2 |     6 |    16 |    21 |    23 ||    68
       Ration            |       |       |     1 |     5 |     7 ||    13
Armor: Animal skin       |     7 |       |       |       |       ||     7
       Ring mail         |    18 |       |       |       |       ||    18
       Plate armour      |    20 |    71 |    87 |   279 |   270 ||   727
Dodge: Dodged            |    46 |    40 |    29 |   271 |   402 ||   788
Block: Other             |       |     1 |     8 |       |       ||     9
       Shield            |       |       |   124 |   582 |   807 ||  1513
       Reflection        |       |       |    12 |    23 |    38 ||    73
